 Dungeon Crawl Stone Soup version 0.17.1-3-g152610e (webtiles) character file.

175 Blunderbuss the Skirmisher (level 5, -10/34 HPs)
             Began as a Gargoyle Berserker on Apr 21, 2016.
             Was a Believer of Trog.
             Killed by divine providence
             ... invoked by an orc priest
              (15 damage)
             ... on level 3 of the Dungeon.
             The game lasted 00:06:48 (1616 turns).

Blunderbuss the Skirmisher (Gargoyle Berserker)     Turns: 1616, Time: 00:06:49

Health: -10/34     AC: 14    Str: 22    XL:     5   Next: 55%
Magic:  5/5        EV:  6    Int:  7    God:    Trog [**....]
Gold:   202        SH:  8    Dex:  9    Spells: 0 memorised, 4 levels left

rFire  . . .     SeeInvis .     a - +0 mace
rCold  . . .     Clarity  .     m - +0 chain mail
rNeg   + . .     SustAt   .     p - +0 shield
rPois  ∞         Gourm    .     (no helmet)
rElec  +         Spirit   .     (no cloak)
rCorr  .         Warding  .     (no gloves)
rMut   .         Stasis   .     q - +0 pair of boots
MR     .....                    (no amulet)
Stlth  ..........               (no ring)
                                (no ring)

@: not resistant to hostile enchantments, extremely unstealthy
A: negative energy resistance 1, electricity resistance, unbreathing,
petrification resistance, rot immunity, AC +4
a: Berserk, Trog's Hand, Burn Spellbooks, Renounce Religion


You were on level 3 of the Dungeon.
You worshipped Trog.
Trog was pleased with you.
You were not hungry.

You visited 1 branch of the dungeon, and saw 3 of its levels.

You collected 202 gold pieces.

Inventory:

Hand Weapons
 a - a +0 mace (weapon)
Armour
 b - a +0 animal skin
 m - a +0 chain mail (worn)
 p - a +0 shield (worn)
 q - a +0 pair of boots (worn)
Scrolls
 e - 2 scrolls of enchant armour {unknown}
 g - 3 scrolls of identify {unknown}
 j - a scroll of random uselessness {unknown}
 k - a scroll of fog {unknown}
 o - a scroll of remove curse {unknown}
 s - a scroll of magic mapping {unknown}
Potions
 c - a potion of cancellation {unknown}
 d - 2 potions of might {unknown}
 f - 2 potions of resistance {unknown}
 h - a potion of heal wounds {unknown}
 i - 2 potions of cure mutation {unknown}
 l - a potion of agility {unknown}
 n - 2 potions of ambrosia {unknown}
 r - a potion of lignification {unknown}
Comestibles
 t - a beef jerky


   Skills:
 + Level 4.4 Fighting
 + Level 4.0 Maces & Flails
 + Level 3.1 Armour
 - Level 2.2 Dodging
 * Level 1.9 Shields


You had 4 spell levels left.
You didn't know any spells.

Dungeon Overview and Level Annotations

Branches:
Dungeon (3/15)

Altars:
Okawaru
The Shining One


Innate Abilities, Weirdness & Mutations

You are resistant to torment.
Your stone body is resilient (AC +4).
You are immune to poison.
You resist negative energy.
You are resistant to electric shocks.
You can survive without breathing.
You are immune to petrification.
You are immune to rotting.


Message History

You hit the orc but do no damage. You block the orc's attack.
The orc hits you but does no damage. You block the orc's attack.
You hit the orc but do no damage. The orc hits you but does no damage.
The orc priest mumbles some strange prayers to Beogh against you.
Something smites you!
* * * LOW HITPOINT WARNING * * *
The orc hits you but does no damage. The orc barely misses you.
You sock the orc!
The orc is almost dead.
The orc hits you but does no damage. The orc completely misses you.
You block the orc's attack. x2
The orc hits you.
* * * LOW HITPOINT WARNING * * *
You hit the orc.
You kill the orc!
Trog accepts your kill. The orc hits you but does no damage.
The orc priest invokes the aid of Beogh against you.
Something smites you!
You die...

#.# ##.## #.# #.#
#.# #.# ####.###
#.#
.......###.######.#
#...............#
####
#....###.########
..... #<.......#
#.... ##o@###### ..
#o[# ..oo# ####.#
#.# ..# ###


You could see an orc priest and 3 orcs.

Vanquished Creatures
  The ghost of kay3 the Conjurer, an amateur DrCj (D:3)
  4 adders (D:2)
  An ooze (D:2)
  2 worms (D:2)
  2 giant geckos (D:2)
  4 orcs (D:3)
  3 giant cockroaches
  6 hobgoblins
  5 kobolds
  A quokka (D:2)
  A ball python (D:2)
  4 bats
  4 giant newts
  4 goblins
  6 rats (D:2)
48 creatures vanquished.

Notes
Turn   | Place    | Note
--------------------------------------------------------------
     0 | D:1      | Blunderbuss the Gargoyle Berserker began the quest for the Orb.
     0 | D:1      | Reached XP level 1. HP: 14/14 MP: 1/1
   172 | D:1      | Reached XP level 2. HP: 17/19 MP: 2/2
   665 | D:2      | Reached skill level 4 in Fighting
   665 | D:2      | Reached XP level 3. HP: 13/24 MP: 3/3
   826 | D:2      | Reached ** piety under Trog
   917 | D:2      | Found an iron altar of Okawaru.
  1042 | D:2      | Reached XP level 4. HP: 25/29 MP: 4/4
  1380 | D:3      | Noticed kay3's ghost (amateur DrCj)
  1387 | D:3      | Killed kay3's ghost
  1387 | D:3      | Reached skill level 1 in Shields
  1387 | D:3      | Reached XP level 5. HP: 34/34 MP: 5/5
  1539 | D:3      | Found a glowing golden altar of the Shining One.
  1616 | D:3      | Killed from afar by an orc priest

Action                   |  1- 3 |  4- 6 || total
-------------------------+-------+-------++-------
Melee: Mace              |   114 |    74 ||   188
Invok: Berserk           |       |     1 ||     1
  Eat: Royal jelly       |       |     1 ||     1
       Bread ration      |       |     1 ||     1
